 Dungeon Crawl Stone Soup version 0.29.1-15-g9cfb28693d (webtiles) character file.

Game seed: 10901697617730363602

18013 Sanktem7 the Fighter (level 12, -15/118 HPs)
             Began as a Minotaur Fighter on Mar 9, 2023.
             Was the Champion of Okawaru.
             Demolished by a reaper
             ... wielding a +2 scythe of freezing
              (32 damage)
             ... in an ice cave.
             The game lasted 00:31:30 (9821 turns).

Sanktem7 the Fighter (Minotaur Fighter)             Turns: 9821, Time: 00:31:30

Health: -15/118    AC: 19    Str: 35 (36) XL:     12   Next: 24%
Magic:  9/9        EV:  9    Int:  4 (5)  God:    Okawaru [******]
Gold:   746        SH:  4    Dex: 12      Spells: 11/11 levels left

rFire   . . .      SeeInvis .   a - +1 war axe (vorpal) {axe}
rCold   . . .      Faith    .   c - +0 buckler
rNeg    . . .      Spirit   .   v - +0 chain mail
rPois   .          Reflect  .   i - +2 hat
rElec   .          Harm     .   (no cloak)
rCorr   .          Rampage  .   e - +2 pair of gloves
Will    .....                   b - +0 pair of boots
Stlth   ..........              n - amulet of regeneration {@e2}
HPRegen 1.09/turn               m - +6 ring of strength
MPRegen 0.11/turn               J - +6 ring of strength

@: no status effects
A: horns 2, retaliatory headbutt, deterioration 1, low MP 1, MP-powered wands
a: Renounce Religion, Heroism, Finesse, Duel


You were in an ice cave.
You worshipped Okawaru.
Okawaru was exalted by your worship.
You visited 2 branches of the dungeon, and saw 12 of its levels.
You also visited: Ice Cave.

You collected 746 gold pieces.


Innate Abilities, Weirdness & Mutations

You have a pair of horns on your head.
You reflexively headbutt those who attack you in melee.
Your body sometimes deteriorates upon taking damage.
Your magical capacity is low. (-10% MP)
You expend magic power (3 MP) to strengthen your wands.


   Skills:
 * Level 14.9 Fighting
 * Level 14.6 Axes
 - Level 6.0 Throwing
 + Level 11.1 Armour
 - Level 3.6 Shields


You had 11 spell levels left.
You didn't know any spells.
Your spell library contained the following spells:

 Spells                   Type           Power      Damage    Failure   Level
 Magic Dart               Conj           0%         1d3       93%         1
 Static Discharge         Conj/Air       0%         3-3/arc   98%         2
 Mephitic Cloud           Conj/Pois/Air  0%         N/A       100%        3
 Dispel Undead            Necr           0%         3d6       100%        4
 Sticky Flame             Conj/Fire      0%         2d3       100%        4
 Call Imp                 Summ           Unusable   N/A       N/A         2

Inventory:

Hand Weapons
 a - a +1 vorpal war axe (weapon) {axe}
Missiles
 g - 5 stones {throwing}
 k - 37 poisoned darts {throwing}
 o - 4 atropa-tipped darts {throwing}
 C - 2 datura-tipped darts {throwing}
 F - 2 boomerangs of dispersal (quivered) {=f!fthrowing}
Armour
 b - a +0 pair of boots (worn)
   (You found it on level 10 of the Dungeon)
 c - a +0 buckler (worn)
 e - a +2 pair of gloves (worn)
   (You found it on level 1 of the Dungeon)
 i - a +2 hat (worn)
   (Okawaru gifted it to you on level 10 of the Dungeon)
 v - a +0 chain mail (worn)
   (You found it on level 2 of the Dungeon)
Jewellery
 m - a +6 ring of strength (left hand)
   (You found it on level 1 of the Dungeon)
 n - an amulet of regeneration (around neck) {@e2}
   (You found it on level 1 of the Dungeon)
 x - a ring of flight
   (You found it on level 3 of the Dungeon)
 G - a +4 ring of evasion
   (You found it on level 8 of the Dungeon)
 J - a +6 ring of strength (right hand)
   (You found it on level 7 of the Dungeon)
 M - a ring of ice
   (You found it on level 8 of the Dungeon)
Wands
 f - a wand of charming (14)
   (You found it on level 6 of the Dungeon)
 t - a wand of flame (18)
   (You took it off Natasha on level 2 of the Dungeon)
 w - a wand of digging (5)
   (You took it off Ijyb on level 3 of the Dungeon)
 H - a wand of mindburst (19)
   (You found it on level 7 of the Dungeon)
Scrolls
 p - 2 scrolls of teleportation {@r4}
 q - 2 scrolls of poison {!r}
 r - a scroll of silence {!r}
 s - 2 scrolls of magic mapping {!r}
 y - a scroll of fear
 D - 3 scrolls of fog
 I - a scroll of amnesia
 N - a scroll of vulnerability {!r!r}
Potions
 d - 2 potions of might
 h - 2 potions of lignification {!q}
 j - a potion of flight
 l - a potion of berserk rage {!q}
 u - a potion of invisibility
 B - a potion of haste {@q3}

Dungeon Overview and Level Annotations

Branches:
Dungeon (11/15) Zot: 26478  Temple (1/1) D:5 Zot: 5825    Lair (0/5) D:9
    Orc (0/2) D:11          IceCv (1/1) Zot: 5522

Altars:
Ashenzari
Cheibriados
Dithmenos
Elyvilon
Fedhas
Gozag
Hepliaklqana
Kikubaaqudgha
Makhleb
Nemelex Xobeh
Okawaru
Qazlal
Ru
Sif Muna
Trog
Uskayaw
Vehumet
Wu Jian
Xom
Yredelemnul
Zin
The Shining One

Shops:
D:2 (

Annotations:
IceCv exclusion: ice statue

..........# #≈≈≈######...###
#....#8# ###.........## #..#####
###...........###
##...##.####....##.......§§###
##..#.....#.....##..####..§§§.##
#..##...#.....#........#..§§☼§.##
#...######....###......##☼§°§...#
##...## #......##......##°..§...
##...# ##.....@...#...........#
##...# ##...###2.#..###.....##
#...## #####....#☼§§..#..###
##...## ...°..#§§§..#### #.....##
##.##...§§§### ...∩...# ##
.....### .......# ##.### #..∩..##
... ##...##


You could see a reaper.


Message History

* * * LOW HITPOINT WARNING * * *
You feel your dexterity returning. 😨 HP[-16]
You take 16 damage, and now have 58/118 hp.
You're standing in a cloud of freezing vapour!
You are engulfed in freezing vapours. 😨 HP[+1] Why would you want to do that?
Why would you want to do that? 😮 HP[+1]
You are engulfed in freezing vapours.
* * * LOW HITPOINT WARNING * * *
😨 HP[-1]
You take 1 damage, and now have 59/118 hp. 😮 HP[+2]
You regained 2 hp, and now have 61/118 hp. 😮 HP[+1]
An ice devil and a white imp come into view.
The white imp shouts, "Begone, thou euchred base-court pumpion!"
A reaper comes into view.
It is wielding a +2 scythe of freezing and wearing a +0 robe of cold resistance. 😎 HP[+56]
Your hp is fully restored (118).
The white imp lashes its tail.
The ice devil hits you but does no damage.
You hit the ice devil but do no damage. Your headbutt misses the ice devil.
The ice devil hits you but does no damage.
You slash the ice devil!
The ice devil hits you but does no damage.
You hit the ice devil. You hit the ice devil but do no damage.
You headbutt the ice devil, but do no damage.
The ice devil hits you but does no damage.
The reaper hits you from afar with a +2 scythe of freezing!!
Your body deteriorates!
You feel dopey. The reaper freezes you! 😮 HP[-30]
You take 30 damage, and now have 88/118 hp.
MASSIVE DAMAGE!! (PAUSE)
You slash the ice devil! Your headbutt misses the ice devil.
The ice devil hits you but does no damage.
The reaper barely misses you. 😕 HP[+1]
You slice the ice devil!!
You kill the ice devil!
Okawaru accepts your kill. The white imp gestures at you.
The puff of frost misses you.
The reaper draws a finger across its throat.
You block the reaper's attack. 😕 HP[+1]
The white imp gestures at you. The puff of frost hits you.
The reaper completely misses you. You furiously retaliate!
You headbutt the reaper, but do no damage. 😮 HP[-4]
You take 4 damage, and now have 86/118 hp.
You hit the reaper. Your headbutt misses the reaper. You slash the white imp!
You block the white imp's attack.
The reaper hits you but does no damage. 😮 HP[+1]
You slash the reaper!
You headbutt the reaper, but do no damage.
You barely miss the white imp. The white imp hits you.
The white imp freezes you.
The reaper hits you with a +2 scythe of freezing!!
* * * LOW HITPOINT WARNING * * *
The reaper freezes you.
* * * LOW HITPOINT WARNING * * *
😨 HP[-35]
You take 35 damage, and now have 52/118 hp.
MASSIVE DAMAGE!! (PAUSE)
You hit the reaper but do no damage. Your headbutt misses the reaper.
You hit the white imp but do no damage. 😨 HP[+1]
You hit the reaper but do no damage.
You headbutt the reaper, but do no damage.
You slash the white imp!
You kill the white imp!
Okawaru accepts your kill. The reaper misses you. 😨 HP[+1]
You hit the reaper.
The reaper hits you with a +2 scythe of freezing.
* * * LOW HITPOINT WARNING * * *
The reaper freezes you.
* * * LOW HITPOINT WARNING * * *
😨 HP[-4]
You take 4 damage, and now have 50/118 hp.
You hit the reaper but do no damage. Your headbutt misses the reaper.
The reaper hits you but does no damage.
You hit the reaper but do no damage. Your headbutt misses the reaper.
The reaper hits you with a +2 scythe of freezing!!
* * * LOW HITPOINT WARNING * * *
The reaper freezes you.
* * * LOW HITPOINT WARNING * * *
😱 HP[-34]
You take 34 damage, and now have 16/118 hp.
MASSIVE DAMAGE!! (PAUSE)
Okay, then.
The reaper hits you from afar with a +2 scythe of freezing!!
You die...

Skill      XL: |  1  2  3  4  5  6  7  8  9 10 11 12 |
---------------+-------------------------------------+-----
Fighting       | 4 5 7 9 11 12 14 | 14.9
Axes           | 3 4 5 6 7 9 10 12 14 | 14.6
Armour         | 4 5 6 7 8 9 10 11 | 11.1
Throwing       | 1 3 4 5 6 |  6.0
Shields        | |  3.6

Action                   |  1- 3 |  4- 6 |  7- 9 | 10-12 || total
-------------------------+-------+-------+-------+-------++-------
Melee: War axe           |    51 |   163 |   214 |   332 ||   760
       Headbutt          |    10 |    19 |    43 |    75 ||   147
Throw: Boomerang         |       |       |       |    31 ||    31
       Stone             |       |       |       |     4 ||     4
       Dart              |       |       |       |    14 ||    14
  Use: Scroll            |       |    12 |     1 |    11 ||    24
       Potion            |       |     2 |       |     7 ||     9
Armor: Scale mail        |    22 |    12 |       |       ||    34
       Chain mail        |       |    63 |   125 |   146 ||   334
Dodge: Dodged            |    25 |    53 |   102 |   124 ||   304
Block: Buckler           |     3 |    31 |    52 |    51 ||   137

Levels and vault maps discovered:
D:1:      amcnicky_arrival_double_pillar, layout_loops_cross
D:2:      layout_loops_ring, nicolae_ecumenical_lake_church, serial_shops,
          nicolae_shop_bloodbath_and_beyond, minmay_distorted, uniq_natasha
D:3:      layout_basic, solitary_fountain, uniq_ijyb
D:4:      layout_loops_cross, serial_bayou, serial_bayou_pond_b,
          serial_bayou_crossing, serial_bayou_shore_b, serial_bayou_shore_b,
          serial_bayou_shore_b, uniq_robin
D:5:      layout_basic, minmay_temple_entry_junction, minmay_liquid_box,
          uniq_grinder, uniq_edmund, uniq_eustachio
D:6:      layout_basic, mainiacjoe_overflow_cross_hatched
D:7:      layout_cave_pools, uniq_menkaure
D:8:      layout_basic, uniq_maggie
D:9:      layout_irregular_city, dpeg_lair_monsters
D:10:     layout_cave_pools
D:11:     minmay_the_grid_octo_tiled_octocenter
          [minmay_the_grid_octo_thin_diamonds, minmay_the_grid_octo_shrine,
          minmay_the_grid_octo_fan_narrow, minmay_the_grid_octo_teeth,
          minmay_the_grid_octo_prize_star, minmay_the_grid_square_5x5_tie,
          minmay_the_grid_square_5x5_fancy_junction,
          minmay_the_grid_square_5x5_n_small, minmay_the_grid_square_5x5_c],
          layout_cave_pools, david_orc_2, portal_ice_cave_entry_imps,
          nzn_wu_jian_contemplation, uniq_harold
Temple:   kilobyte_greek_temple
IceCv:    ice_cave_small_demon

Notes
Turn   | Place    | Note
-------+----------+-------------------------------------------
     0 | D:1      | Sanktem7 the Minotaur Fighter began the quest for the Orb.
     0 | D:1      | Reached XP level 1. HP: 19/19 MP: 0/0
     0 | D:1      | magus.rc [v1.9.6]
   169 | D:1      | Reached XP level 2. HP: 24/27 MP: 1/1
   175 | D:1      | Reached skill level 4 in Fighting
   321 | D:1      | Reached skill level 3 in Axes
   631 | D:1      | Reached skill level 4 in Armour
   633 | D:1      | Reached XP level 3. HP: 33/33 MP: 2/2
   805 | D:2      | Noticed Natasha
   812 | D:2      | Killed Natasha
   838 | D:2      | Reached XP level 4. HP: 28/41 MP: 3/3
   842 | D:2      | Reached skill level 4 in Axes
   940 | D:2      | Noticed Natasha
   953 | D:2      | Killed Natasha
   954 | D:2      | Reached skill level 5 in Fighting
   985 | D:2      | Found a faded altar of an unknown god.
  1021 | D:2      | Reached XP level 5. HP: 48/48 MP: 4/4
  1026 | D:2      | Found Xetalozu's Weapon Emporium.
  1174 | D:2      | Noticed Natasha
  1177 | D:2      | Killed Natasha
  1664 | D:3      | Noticed Ijyb
  1678 | D:3      | Killed Ijyb
  1991 | D:3      | Reached skill level 5 in Axes
  2568 | D:4      | Reached XP level 6. HP: 51/57 MP: 5/5
  2659 | D:4      | Reached skill level 6 in Fighting
  2722 | D:4      | Noticed Robin
  2728 | D:4      | Reached skill level 5 in Armour
  2735 | D:4      | Killed Robin
  3166 | D:4      | Identified the +0 scale mail "Biluluck" {Stlth+}
  3217 | D:4      | Reached skill level 6 in Axes
  3365 | D:4      | Gained mutation: You are frail. (-10% HP) [potion of
                  | mutation]
  3365 | D:4      | Gained mutation: You are partially covered in iridescent
                  | scales. (AC +2) [potion of mutation]
  3366 | D:4      | Lost mutation: You are frail. (-10% HP) [potion of
                  | mutation]
  3366 | D:4      | Lost mutation: You are partially covered in iridescent
                  | scales. (AC +2) [potion of mutation]
  3366 | D:4      | Gained mutation: You occasionally shout uncontrollably at
                  | your foes. [potion of mutation]
  3387 | D:5      | Entered Level 5 of the Dungeon
  3390 | D:5      | Noticed Grinder
  3405 | D:5      | Killed Grinder
  3406 | D:5      | Reached skill level 7 in Fighting
  3406 | D:5      | Reached XP level 7. HP: 24/66 MP: 6/6
  3532 | D:5      | Found a staircase to the Ecumenical Temple.
  3546 | Temple   | Entered the Ecumenical Temple
  3678 | Temple   | Became a worshipper of Warmaster Okawaru
  3883 | D:5      | Noticed Edmund
  3900 | D:5      | Killed Edmund
  3901 | D:5      | Reached skill level 7 in Axes
  4154 | D:5      | Reached skill level 1 in Throwing
  4239 | D:5      | Noticed Eustachio
  4251 | D:5      | Killed Eustachio
  4251 | D:5      | Reached * piety under Okawaru
  4252 | D:5      | Reached skill level 6 in Armour
  4252 | D:5      | Reached XP level 8. HP: 74/74 MP: 7/7
  4507 | D:6      | Reached skill level 8 in Fighting
  4640 | D:6      | Reached skill level 2 in Throwing
  5053 | D:6      | Reached skill level 8 in Axes
  5128 | D:6      | Found a bloodstained altar of Trog.
  5656 | D:7      | Identified the +10 dagger of Dullness {flame, rPois}
  5673 | D:7      | Reached ** piety under Okawaru
  5701 | D:7      | Reached skill level 9 in Fighting
  5747 | D:7      | Reached skill level 3 in Throwing
  5758 | D:7      | Noticed Menkaure
  5759 | D:7      | Reached skill level 7 in Armour
  5764 | D:7      | Killed Menkaure
  5765 | D:7      | Reached skill level 9 in Axes
  5765 | D:7      | Reached XP level 9. HP: 55/83 MP: 8/8
  5826 | D:7      | Noticed a troll
  5837 | D:7      | Killed a troll
  6062 | D:7      | Reached *** piety under Okawaru
  6271 | D:8      | Reached skill level 10 in Fighting
  6432 | D:8      | Reached skill level 4 in Throwing
  6436 | D:8      | Reached skill level 10 in Axes
  6546 | D:8      | Noticed Maggie
  6572 | D:8      | Killed Maggie
  6572 | D:8      | Reached **** piety under Okawaru
  6573 | D:8      | Reached skill level 8 in Armour
  6936 | D:8      | Noticed a two-headed ogre
  6942 | D:8      | Killed a two-headed ogre
  6943 | D:8      | Reached skill level 11 in Fighting
  6943 | D:8      | Reached XP level 10. HP: 78/95 MP: 9/9
  7142 | D:9      | Noticed a skeletal warrior
  7162 | D:9      | HP: 5/96 [skeletal warrior/+0 war axe (24)]
  7167 | D:9      | HP: 17/96 [skeletal warrior/+0 war axe (2)]
  7172 | D:9      | Killed a skeletal warrior
  7173 | D:9      | Reached skill level 11 in Axes
  7173 | D:9      | Reached skill level 5 in Throwing
  7338 | D:9      | Noticed a death yak
  7338 | D:9      | Noticed a skeletal warrior
  7447 | D:9      | Reached ***** piety under Okawaru
  7484 | D:9      | Noticed a skeletal warrior
  7496 | D:9      | Killed a skeletal warrior
  7529 | D:9      | HP: 21/97 [skeletal warrior/+0 scimitar (23)]
  7536 | D:9      | HP: 5/97 [skeletal warrior/+0 scimitar (12)]
  7539 | D:9      | Killed a skeletal warrior
  7539 | D:9      | Received a gift from Okawaru
  7540 | D:9      | Reached skill level 12 in Fighting
  7540 | D:9      | Reached skill level 9 in Armour
  7617 | D:9      | Found a staircase to the Lair.
  7618 | D:9      | Noticed a death yak
  7618 | D:9      | Noticed a death yak
  7642 | D:9      | Killed a death yak
  7643 | D:9      | Reached skill level 12 in Axes
  7647 | D:9      | Killed a death yak
  7648 | D:9      | Reached XP level 11. HP: 79/105 MP: 10/10
  7688 | D:9      | Noticed a death yak
  7688 | D:9      | Noticed a death yak
  7688 | D:9      | Noticed a death yak
  7688 | D:9      | Noticed a death yak
  7705 | D:9      | Killed a death yak
  7705 | D:9      | Received a gift from Okawaru
  7706 | D:9      | Reached skill level 6 in Throwing
  7710 | D:9      | Noticed a death yak
  7712 | D:9      | Killed a death yak
  7717 | D:9      | Killed a death yak
  7718 | D:9      | Reached skill level 13 in Fighting
  7723 | D:9      | Killed a death yak
  7726 | D:9      | HP: 26/107 [death yak (11)]
  7731 | D:9      | HP: 23/107 [death yak (1)]
  7732 | D:9      | HP: 5/107 [death yak (19)]
  7886 | D:9      | You pick up a book of Minor Magic and begin reading...
  7886 | D:9      | You add the spells Magic Dart and Mephitic Cloud to your
                  | library.
  8008 | D:9      | You pick up a book of Touch and begin reading...
  8008 | D:9      | You add the spells Static Discharge, Sticky Flame and
                  | Dispel Undead to your library.
  8115 | D:9      | Killed a death yak
  8115 | D:9      | Received a gift from Okawaru
  8116 | D:9      | Reached skill level 13 in Axes
  8121 | D:9      | Killed a death yak
  8122 | D:9      | Reached skill level 10 in Armour
  8175 | D:9      | Lost mutation: You occasionally shout uncontrollably at
                  | your foes. [potion of mutation]
  8175 | D:9      | Gained mutation: You have hidden genetic defects. [potion
                  | of mutation]
  8175 | D:9      | Gained mutation: You expend magic power (3 MP) to
                  | strengthen your wands. [potion of mutation]
  8181 | D:10     | Entered Level 10 of the Dungeon
  8188 | D:10     | Paralysed by a hornet for 2 turns
  8191 | D:10     | Reached ****** piety under Okawaru
  8319 | D:10     | Paralysed by a hornet for 3 turns
  8725 | D:10     | Received a gift from Okawaru
  8940 | D:11     | Noticed a boulder beetle
  8974 | D:11     | Killed a boulder beetle
  8975 | D:11     | Reached skill level 14 in Fighting
  8980 | D:11     | Gained mutation: Your magical capacity is low. (-10% MP)
                  | [hidden defects]
  8982 | D:11     | Found a staircase to the Orcish Mines.
  9020 | D:11     | Noticed a skeletal warrior
  9020 | D:11     | Noticed a skeletal warrior
  9021 | D:11     | Noticed a skeletal warrior
  9217 | D:11     | Noticed Harold
  9234 | D:11     | Killed Harold
  9235 | D:11     | Reached skill level 14 in Axes
  9279 | D:11     | Noticed a two-headed ogre
  9299 | D:11     | Killed a two-headed ogre
  9300 | D:11     | Reached XP level 12. HP: 53/118 MP: 9/9
  9311 | D:11     | HP: 23/118 [yak (9)]
  9321 | D:11     | Found a frozen archway.
  9326 | D:11     | Gained mutation: Your body sometimes deteriorates upon
                  | taking damage. [hidden defects]
  9326 | D:11     | Lost mutation: You have hidden genetic defects. [hidden
                  | defects expressed]
  9332 | IceCv    | Entered an ice cave
  9645 | IceCv    | Reached skill level 11 in Armour
  9802 | IceCv    | Noticed a reaper
  9820 | IceCv    | HP: 18/118 [reaper/+2 scythe of freezing (33)]
  9821 | IceCv    | Demolished by a reaper

Vanquished Creatures
  Harold (D:11)
  A boulder beetle (D:11)
  2 two-headed ogres
  8 death yaks (D:9)
  3 skeletal warriors (D:9)
  Maggie (D:8)
  A gargoyle (D:10)
  A komodo dragon (D:11)
  An unseen horror (D:10)
  An anaconda simulacrum (IceCv)
  4 ice devils (IceCv)
  2 trolls
  2 hornets (D:10)
  Grinder (D:5)
  A wraith (D:9)
  10 yaks
  A wyvern (D:9)
  Eustachio (D:5)
  A steam dragon (D:8)
  A vampire mosquito (D:11)
  Menkaure (D:7)
  A death yak simulacrum (IceCv)
  A hydra simulacrum (IceCv)
  Edmund (D:5)
  3 orc warriors (D:11)
  2 ice beasts (D:7)
  2 sky beasts (D:7)
  A black bear (D:7)
  4 centaurs
  3 kobold brigands
  A necrophage (D:7)
  A bullfrog (D:9)
  A gnoll sergeant (D:10)
  2 two-headed ogre simulacra (IceCv)
  2 cane toad simulacra (IceCv)
  8 scorpions
  3 wights (D:10)
  2 elephant simulacra (IceCv)
  2 howler monkeys
  A jelly (D:6)
  2 gnoll boudas
  4 orc priests
  Ijyb (D:3)
  3 iguanas
  2 orc wizards
  Natasha (thrice) (D:2)
  A polar bear simulacrum (IceCv)
  3 spriggan simulacra (IceCv)
  A troll simulacrum (IceCv)
  A wolf simulacrum (IceCv)
  Robin (D:4)
  14 gnolls
  3 naga simulacra (IceCv)
  10 adders
  A shadow imp (D:5)
  15 white imps
  3 ufetubi (IceCv)
  2 worms (D:4)
  5 dart slugs
  34 orcs
  9 bats
  5 endoplasms
  2 giant cockroaches
  14 goblins
  12 hobgoblins
  2 jackals (D:1)
  15 kobolds
  7 quokkas
  8 ball pythons
  2 frilled lizards
  2 rats
273 creatures vanquished.

Vanquished Creatures (others)
  3 plants (D:4)
3 creatures vanquished.

Grand Total: 276 creatures vanquished

Table legend:
 A = Non-vault XP
 B = Vault XP
 C = Vault XP percentage of total XP
 D = Non-vault monster count
 E = Vault monster count
 F = Vault count percentage of total count
                 A         B        C        D         E       F
            +---------+---------+-------+---------+---------+-------
      Total |   12489 |   13245 |  51.5 |     195 |      78 |  28.6
            +---------+---------+-------+---------+---------+-------
        D:1 |      47 |       0 |   0.0 |      25 |       0 |   0.0
        D:2 |     153 |      42 |  21.5 |      15 |       5 |  25.0
        D:3 |      67 |      36 |  35.0 |      21 |       1 |   4.5
        D:4 |     316 |      31 |   8.9 |      21 |       9 |  30.0
        D:5 |     250 |     615 |  71.1 |      14 |       3 |  17.6
        D:6 |     560 |       0 |   0.0 |      16 |       0 |   0.0
        D:7 |    1461 |     169 |  10.4 |      16 |       1 |   5.9
        D:8 |    1869 |     418 |  18.3 |      17 |       1 |   5.6
        D:9 |    3359 |    6502 |  65.9 |      26 |       8 |  23.5
       D:10 |    1686 |       0 |   0.0 |      11 |       0 |   0.0
       D:11 |    2721 |    2689 |  49.7 |      13 |      24 |  64.9
      IceCv |       0 |    2743 | 100.0 |       0 |      26 | 100.0
            +---------+---------+-------+---------+---------+-------

Illustrated notes

Table legend:
 A = Kills in this place as a percentage of kills in entire the game.
 B = Kills by you in this place as a percentage of kills by you in the entire game.
 C = Kills by friends in this place as a percentage of kills by friends in the entire game.
 D = Other kills in this place as a percentage of other kills in the entire game.
 E = Experience gained in this place as a percentage of experience gained in the entire game.
 F = Experience gained in this place divided by the number of levels of this place that you have seen.
                   A       B       C       D       E      F
               +-------+-------+-------+-------+-------+----------------------
         Total | 100.0 | 100.0 |   N/A |   N/A | 100.0 | 1979.5
       Dungeon |  90.5 |  90.5 |   N/A |   N/A |  89.3 | 2090.1
      Ice Cave |   9.5 |   9.5 |   N/A |   N/A |  10.7 | 2743.0
               +-------+-------+-------+-------+-------+----------------------

Table legend: (Time is in decaauts)
 A = Elapsed time spent in this place.
 B = Non-inter-level travel time spent in this place.
 C = Inter-level travel time spent in this place.
 D = Time resting spent in this place.
 E = Time spent auto-exploring this place.
 F = Levels seen in this place.
 G = Mean time per level.
                   A        B        C        D        E       F      G
               +--------+--------+--------+--------+--------+-----+--------+
         Total |   9901 |   9588 |    313 |    428 |   6766 |  13 |  761.6 |
       Dungeon |   9250 |   8937 |    313 |    286 |   6466 |  11 |  840.9 |
        Temple |    174 |    174 |      0 |      0 |    117 |   1 |  174.0 |
      Ice Cave |    477 |    477 |      0 |    142 |    183 |   1 |  477.0 |
               +--------+--------+--------+--------+--------+-----+--------+

Top non-repeatable levels by time:
     D:9: 1235 daAuts
     D:6: 1116 daAuts
     D:3: 966 daAuts
     D:5: 953 daAuts
     D:4: 881 daAuts
     D:8: 827 daAuts
     D:2: 818 daAuts
     D:1: 795 daAuts
    D:10: 681 daAuts
     D:7: 549 daAuts
   IceCv: 477 daAuts
    D:11: 424 daAuts
  Temple: 174 daAuts
